 Dungeon Crawl Stone Soup version 0.30-a0-778-g2ef04afb54 (console) character file.

Game seed: 5805034842844999080

72 rlgrobin the Chopper (level 4, 0/38 HPs)
             Began as a Meteoran Fighter on Feb 16, 2023.
             Slain by a kobold brigand
             ... wielding a +0 club
              (6 damage)
             ... on level 4 of the Dungeon.
             The game lasted 00:02:19 (348 turns).

rlgrobin the Chopper (Meteoran Fighter)              Turns: 348, Time: 00:02:19

Health: 0/38       AC:  9    Str: 19    XL:     4   Next: 79%
Magic:  5/5        EV:  8    Int: 10    God:
Gold:   47         SH:  5    Dex: 13    Spells: 3/3 levels left

rFire   + + .      SeeInvis .    a - +0 war axe
rCold   x . .      Faith    .    c - +0 buckler
rNeg    . . .      Spirit   .    g - +0 fire dragon scales
rPois   .          Reflect  .    (no helmet)
rElec   .          Harm     .    (no cloak)
rCorr   .          Rampage  .    (no gloves)
Will    .....                    (no boots) Stlth
                                 (no amulet)
HPRegen 0.26/turn                (no ring)
MPRegen 0.09/turn                (no ring)

@: mighty, glowing
A: sense surroundings 1, otherworldly, glowing, explore regen
a: no special abilities


You were on level 4 of the Dungeon.
You visited 1 branch of the dungeon, and saw 4 of its levels.

You collected 47 gold pieces.

Inventory:

Hand Weapons
 a - a +0 war axe (weapon)
Armour
 b - a +0 scale mail
 c - a +0 buckler (worn)
 g - +0 fire dragon scales (worn)
Wands
 i - a wand of iceblast (6)
Scrolls
 e - a scroll of blinking {unknown}
 f - 3 scrolls of identify {unknown}
 l - a scroll of vulnerability {unknown}
Potions
 h - a potion of heal wounds {unknown}
 j - a potion of degeneration {unknown}
 k - 2 potions of attraction {unknown}


   Skills:
 - Level 3.2 Fighting
 + Level 5.3 Axes
 - Level 3.6 Armour
 - Level 3.6 Shields


You had 3 spell levels left.
You didn't know any spells.
Your spell library was empty.

Dungeon Overview and Level Annotations

Branches:
Dungeon (4/15) Zot: 2030
 Temple: D:4-7

Altars:

Shops:
D:2 [   D:3 *


Innate Abilities, Weirdness & Mutations

You passively map a small area around you.
You are easily found by Zot.
You glow in the dark.
You regain HP and MP as you explore.


Message History

The kobold brigand is moderately wounded.
You block the kobold brigand's attack.
You closely miss the kobold brigand.
The kobold brigand is moderately wounded.
The kobold brigand hits you with a +0 club.
You barely miss the kobold brigand.
The kobold brigand is moderately wounded.
The kobold brigand hits you with a +0 club. x2
You hit the kobold brigand.
The kobold brigand is heavily wounded.
The kobold brigand hits you with a +0 club.
You closely miss the kobold brigand.
The kobold brigand is heavily wounded.
The kobold brigand hits you with a +0 club.
You barely miss the kobold brigand.
The kobold brigand is heavily wounded.
You block the kobold brigand's attack.
You closely miss the kobold brigand.
The kobold brigand is heavily wounded.
The kobold brigand hits you with a +0 club. x2
You are too injured to fight recklessly!
You are too injured to fight recklessly!
You are too injured to fight recklessly!
You feel very mighty all of a sudden.
The kobold brigand hits you with a +0 club.
* * * LOW HITPOINT WARNING * * *
You closely miss the kobold brigand.
The kobold brigand is heavily wounded.
The kobold brigand hits you with a +0 club.
* * * LOW HITPOINT WARNING * * *
You barely miss the kobold brigand.
The kobold brigand is heavily wounded.
The kobold brigand hits you with a +0 club.
* * * LOW HITPOINT WARNING * * *
You closely miss the kobold brigand.
The kobold brigand is heavily wounded.
An adder comes into view.
You block the kobold brigand's attack.
The kobold brigand hits you with a +0 club.
You die...

* # , .. * *#.
* ### * , *
..,* .. , , ,
#.###.###### *
, ,
#...........
.###.##@..##..#
**
.....cK<.......
*, *
##..###...##..#
*, ,, , .S,,
##.## # * , .#
* ,, * .# , .#
, , *.# , * .#
* *


You could see a kobold brigand, a centaur and an adder (wandering).

Vanquished Creatures
  4 gnolls (D:2)
  An adder (D:3)
  2 dart slugs
  3 endoplasms
  A giant cockroach (D:1)
  2 goblins (D:1)
  2 hobgoblins
  3 kobolds
  A quokka (D:1)
  2 ball pythons (D:1)
  A frilled lizard (D:1)
  2 rats
24 creatures vanquished.

Notes
Turn   | Place    | Note
-------+----------+-------------------------------------------
     0 | D:1      | rlgrobin the Meteoran Fighter began the quest for the Orb.
     0 | D:1      | Reached XP level 1. HP: 19/19 MP: 2/2
   121 | D:1      | Reached skill level 3 in Axes
   121 | D:1      | Reached XP level 2. HP: 26/26 MP: 3/3
   184 | D:2      | Reached skill level 4 in Axes
   184 | D:2      | Reached XP level 3. HP: 31/31 MP: 4/4
   188 | D:2      | Found Xudyak Sann's Antique Armour Shop.
   190 | D:2      | Reached XP level 4. HP: 30/38 MP: 5/5
   197 | D:2      | Reached skill level 5 in Axes
   300 | D:3      | Found Fuicre's General Store.
   330 | D:4      | Noticed a kobold brigand
   331 | D:4      | Noticed a centaur
   348 | D:4      | Slain by a kobold brigand

Illustrated notes

Levels and vault maps discovered:
D:1:      spicycebolla_arrival_ecumenical, layout_loops_ring
D:2:      layout_loops_cross, serial_shops, shop, mrwooster_statue_mirror
D:3:      layout_basic, gammafunk_temple_overflow_pools, serial_curves,
          eino_curves_04, eino_curves_03, serial_shops, shop, hex_medium,
          minivault_24, serial_park_tiny_2
D:4:      layout_loops_ring, old_standard_altar, minmay_temple_entry_grid,
          enter_ossuary_1, minmay_close_crescents

Skill      XL: |  1  2  3  4 |
---------------+-------------+-----
Axes           | 3 4 5 |  5.3
Fighting       | |  3.2
Armour         | |  3.6
Shields        | |  3.6

Action                     |  1- 3 |  4- 6 || total
---------------------------+-------+-------++-------
  Melee: War axe           |    26 |    38 ||    64
    Use: Potion            |       |     1 ||     1
 Armour: Fire dragon scale |    13 |    12 ||    25
  Dodge: Dodged            |     8 |     8 ||    16
  Block: Buckler           |     8 |     8 ||    16

Table legend: (Time is in decaauts)
 A = Elapsed time spent in this place.
 B = Non-inter-level travel time spent in this place.
 C = Inter-level travel time spent in this place.
 D = Time resting spent in this place.
 E = Time spent auto-exploring this place.
 F = Levels seen in this place.
 G = Mean time per level.
                   A        B        C        D        E       F      G
               +--------+--------+--------+--------+--------+-----+--------+
         Total |    368 |    368 |      0 |      0 |      0 |   4 |   92.0 |
       Dungeon |    368 |    368 |      0 |      0 |      0 |   4 |   92.0 |
               +--------+--------+--------+--------+--------+-----+--------+

Top non-repeatable levels by time:
     D:1: 180 daAuts
     D:2: 113 daAuts
     D:3: 51 daAuts
     D:4: 22 daAuts
